 Dungeon Crawl Stone Soup version 0.31-a0-917-ga885b83477 (console) character file.

Game seed: 14738281534196222217

450 soseboi the Cutter (level 7, 0/37 HPs)
             Began as a Vine Stalker Brigand on Oct 16, 2023.
             Succumbed to a killer bee's poison
             ... on level 4 of the Dungeon.
             The game lasted 00:09:50 (2999 turns).

soseboi the Cutter (Vine Stalker Brigand)           Turns: 2999, Time: 00:09:51

Health: 0/37       AC:  3    Str: 12 (13) XL:     7   Next: 4%
Magic:  4/8        EV: 12    Int:  9 (11) God:
Gold:   207        SH:  0    Dex: 15 (18) Spells: 6/6 levels left

rFire   + . .        a - +2 dagger
rCold   . . .        (no shield)
rNeg    . . .        b - +0 robe
rPois   .            (no helmet)
rElec   .            c - +0 cloak
rCorr   .            (no gloves)
SInv    .            (no boots)
Will    .....        n - amulet of reflection
Stlth   +            r - ring of protection from fire
HPRegen 1.06/turn    (no ring)
MPRegen 0.11/turn

%: reflection, guardian spirit
@: confused, lethally poisoned (0 -> -6), ambrosia-drunk
A: fangs 2, regeneration 1, magic shield, antimagic bite, no potion heal 2
a: no special abilities


You were on level 4 of the Dungeon.
You visited 1 branch of the dungeon, and saw 4 of its levels.

You collected 207 gold pieces.

Inventory:

Hand Weapons
 a - a +2 dagger (weapon)
Missiles
 d - 5 poisoned darts (quivered)
 e - 3 curare-tipped darts
Armour
 b - a +0 robe (worn)
 c - a +0 cloak (worn)
Jewellery
 n - an amulet of reflection (around neck)
 r - a ring of protection from fire (left hand)
Wands
 q - a wand of iceblast (5)
Scrolls
 g - a scroll of vulnerability {unknown}
 h - 2 scrolls of revelation
 j - a scroll of identify
 m - a scroll of poison {unknown}
 o - a scroll of brand weapon {unknown}
 p - a scroll of amnesia {unknown}
Potions
 i - a potion of ambrosia


   Skills:
 + Level 3.9 Fighting
 + Level 5.3 Short Blades
 - Level 2.0 Throwing
 + Level 1.2 Dodging
 - Level 5.0 Stealth


You had 6 spell levels left.
You didn't know any spells.
Your spell library was empty.

Dungeon Overview and Level Annotations

Branches:
Dungeon (4/15)
 Temple: D:4-7

Altars:
Elyvilon
Hepliaklqana
Okawaru
Qazlal
Vehumet


Innate Abilities, Weirdness & Mutations

You have extremely sharp teeth.
Your natural rate of healing is unusually fast.
When hurt, damage is shared between your health and your magic reserves.
Your bite disrupts and absorbs the magic of your enemies.
Potions cannot restore your health.


Message History

The killer bee completely misses you.
You feel very sick.
The killer bee attacks as it pursues you!
You block the killer bee's attack. The killer bee stings you.
You are more poisoned.
The killer bee poisons you! The killer bee stings you.
* * * LOW HITPOINT WARNING * * *
You feel very sick.
The killer bee stings you but does no damage.
Unknown command.
Okay, then.
Unknown command.
Okay, then.
As you read the scroll labelled KUCOLE QEZXOUH, it crumbles to dust.
You feel strangely unstable.
It was a scroll of teleportation.
* * * LOW HITPOINT WARNING * * *
You feel very sick. You block the killer bee's attack.
The killer bee barely misses you.
It was a potion of magic.
Magic courses through your body.
You feel sick. You block the killer bee's attack. The killer bee stings you.
It was a potion of degeneration.
There was something very wrong with that liquid.
You feel weakened.
You feel dopey.
You feel clumsy.
* * * LOW HITPOINT WARNING * * *
You feel very sick. You block the killer bee's attack.
The killer bee barely misses you.
You are confused.
Your system rejects the healing.
You feel invigorated.
You feel sick. The killer bee barely misses you.
The killer bee closely misses you.
You hit the killer bee. Your bite misses the killer bee.
The killer bee is moderately wounded.
You feel sick. The killer bee stings you!
* * * LOW HITPOINT WARNING * * *
You are lethally poisoned!
The killer bee poisons you! The killer bee misses you.
You completely miss the killer bee. Your bite misses the killer bee.
The killer bee is moderately wounded.
Your surroundings suddenly seem different.
Found a flail.
You die...

.## ... ..# #.#
..# #.# ..####
#(# ..... .y(
#######.)#.# #y#
#.....@....# #.#
#.#####..### #†#
..# #########y#
.... ......?.yy.
..############.#
..# #.# ..# #.#
..# #.# #.#


There were no monsters in sight!

Vanquished Creatures
  An ice beast (D:4)
  A black bear (D:4)
  A killer bee (D:4)
  2 iguanas (D:4)
  8 gnolls (D:3)
  3 adders
  2 worms
  3 dart slugs
  2 orcs
  7 endoplasms
  4 giant cockroaches
  5 hobgoblins
  A quokka (D:1)
  8 ball pythons
  5 bats
  A frilled lizard (D:2)
  9 goblins
  5 kobolds
  A rat (D:3)
69 creatures vanquished.

Notes
Turn   | Place    | Note
-------+----------+-------------------------------------------
     0 | D:1      | soseboi the Vine Stalker Brigand began the quest for the
                  | Orb.
     0 | D:1      | Reached XP level 1. HP: 11/11 MP: 2/2
    23 | D:1      | Reached skill level 5 in Stealth
   123 | D:1      | Reached XP level 2. HP: 15/15 MP: 3/3
   681 | D:2      | Reached XP level 3. HP: 15/18 MP: 4/4
  1523 | D:3      | Reached XP level 4. HP: 23/23 MP: 5/5
  1553 | D:3      | Found a stormy altar of Qazlal.
  1796 | D:3      | Reached XP level 5. HP: 27/28 MP: 6/6
  2291 | D:3      | Found a hazy altar of Hepliaklqana.
  2473 | D:4      | Found a white marble altar of Elyvilon.
  2474 | D:4      | Found an iron altar of Okawaru.
  2539 | D:4      | Noticed an ice beast
  2588 | D:4      | Killed an ice beast
  2589 | D:4      | Reached XP level 6. HP: 19/32 MP: 3/7
  2781 | D:4      | Noticed a black bear
  2801 | D:4      | Killed a black bear
  2802 | D:4      | Reached skill level 5 in Short Blades
  2860 | D:4      | Reached skill level 1 in Dodging
  2954 | D:4      | Found a radiant altar of Vehumet.
  2990 | D:4      | Reached XP level 7. HP: 26/37 MP: 5/8
  2998 | D:4      | HP: 1/37 [killer bee (1)]
  2999 | D:4      | Succumbed to a killer bee's poison

Illustrated notes

Levels and vault maps discovered:
D:1:      amcnicky_arrival_single_pillar, layout_basic, dk_noncrumbling_4
D:2:      layout_basic, moated_statue
D:3:      layout_basic, marbit_many_paths, nicolae_qazlal_eye_of_the_storm
D:4:      layout_basic, tgw_xom, overflow_temple_1_default,
          grunt_temple_overflow_open, minmay_bent

Skill      XL: |  1  2  3  4  5  6 |
---------------+-------------------+-----
Stealth        | 5 |  5.0
Fighting       | 2 3 |  3.9
Short Blades   | 2 3 4 5 |  5.3
Throwing       | 2 |  2.0
Dodging        | 1 |  1.2

Action                     |  1- 3 |  4- 6 |  7- 9 || total
---------------------------+-------+-------+-------++-------
  Melee: Dagger            |   105 |   152 |     4 ||   261
         Bite              |    22 |    45 |       ||    67
         Punch             |     1 |     2 |       ||     3
  Throw: Dart              |     5 |    16 |       ||    21
    Use: Scroll            |       |     3 |     1 ||     4
         Potion            |       |     2 |     3 ||     5
   Stab: Sleeping          |    11 |     4 |       ||    15
 Armour: Robe              |    42 |    67 |     6 ||   115
  Dodge: Dodged            |    44 |    59 |     7 ||   110
  Block: Other             |     5 |    23 |     4 ||    32

Table legend: (Time is in decaauts)
 A = Elapsed time spent in this place.
 B = Non-inter-level travel time spent in this place.
 C = Inter-level travel time spent in this place.
 D = Time resting spent in this place.
 E = Time spent auto-exploring this place.
 F = Levels seen in this place.
 G = Mean time per level.
                   A        B        C        D        E       F      G
               +--------+--------+--------+--------+--------+-----+--------+
         Total |   2937 |   2872 |     65 |     16 |   2182 |   4 |  734.2 |
       Dungeon |   2937 |   2872 |     65 |     16 |   2182 |   4 |  734.2 |
               +--------+--------+--------+--------+--------+-----+--------+

Top non-repeatable levels by time:
     D:3: 1108 daAuts
     D:2: 743 daAuts
     D:1: 584 daAuts
     D:4: 501 daAuts
